 Dungeon Crawl Stone Soup version 0.27-a0-887-gcab673c142 (webtiles) character file.

Game seed: 4459916646617541692

3850 funkygono the Thaumaturge (level 10, -9/64 HPs)
             Began as a Djinni Fire Elementalist on Apr 4, 2021.
             Was a Believer of Ashenzari.
             Mangled by a two-headed ogre
             ... wielding a +0 dire flail
              (26 damage)
             ... on level 8 of the Dungeon.
             The game lasted 00:21:28 (9606 turns).

funkygono the Thaumaturge (DjFE)                    Turns: 9606, Time: 00:21:29

Health: -9/64      AC:  8    Str:  7    XL:     10   Next: 18%
Gold:   297        EV: 13    Int: 20    God:    Ashenzari [**....] SH:  0 Dex: 14

rFire    + + .     SeeInvis +   E - +3 great sword "Stickiness of Ashenzari" {Melee, Evo} (curse)
rCold    x . .     Faith    +   (shield currently unavailable)
rNeg     . . .     Spirit   .   D - +0 steam dragon scales
rPois    ∞         Reflect  .   s - +1 hat "Cursed Paranoia" {Melee, Range} (curse)
rElec    .         Harm     .   i - +1 cloak
rCorr    +         Rampage  .   (no gloves)
Will     +....                  (boots unavailable)
Stlth    ++........             b - amulet of faith
HPRegen  0.20/turn              z - ring of resist corrosion
MPRegen  0.00/turn              (no ring)

@: flying
A: fire resistance 2, cold vulnerability 1, float, innate caster, hp casting,
extra vitality 1
a: Renounce Religion, Shatter the Chains


You were on level 8 of the Dungeon.
You worshipped Ashenzari.
Ashenzari was pleased with you.
You visited 1 branch of the dungeon, and saw 8 of its levels.

You collected 297 gold pieces.

Inventory:

Hand Weapons
 e - a +2 dagger of protection
 g - a +2 dagger of speed
 h - a +1 dagger of protection
 r - a +2 mace of protection
 y - a +0 whip of flaming
 E - the cursed +3 great sword "Stickiness of Ashenzari" (weapon) {Melee, Evo}
   (You took it off a wight on level 8 of the Dungeon)

   It has a curse which improves the following skills: Melee Combat: Short
   Blades, Long Blades, Axes, Maces & Flails, Polearms, Staves and Unarmed
   Combat.
   Evocations: Evocations.
Armour
 f - a +0 kite shield
 i - a +1 cloak (worn)
 k - a +3 chain mail
 o - a +0 robe of willpower
 s - the cursed +1 hat "Cursed Paranoia" (worn) {Melee, Range}
   (You found it on level 4 of the Dungeon)

   It has a curse which improves the following skills: Melee Combat: Short
   Blades, Long Blades, Axes, Maces & Flails, Polearms, Staves and Unarmed
   Combat.
   Ranged Combat: Slings, Bows, Crossbows and Throwing.
 w - a +2 scale mail of cold resistance
 D - +0 steam dragon scales (worn)
Jewellery
 b - an amulet of faith (around neck)
 z - a ring of resist corrosion (left hand)
 A - a ring of fire
Wands
 a - a wand of iceblast (9)
 v - a wand of flame (15)
 F - a wand of paralysis (9)
Scrolls
 d - 4 scrolls of teleportation
 n - a scroll of magic mapping
 p - 2 scrolls of silence
 t - a scroll of fear
 C - a scroll of fog
Potions
 c - 3 potions of attraction
 j - a potion of lignification
 l - a potion of berserk rage
 m - a potion of mutation
 q - a potion of brilliance
 u - 3 potions of curing
 x - a potion of ambrosia
 B - a potion of resistance


   Skills:
 + Level 2.1 Fighting
 + Level 1.1(2.5) Short Blades
 + Level 4.5 Dodging
 - Level 1.5 Stealth
 * Level 11.5 Spellcasting


You had 7 spell levels left.
You knew the following spells:

 Your Spells              Type           Power      Damage    Failure   Level
a - Foxfire               Conj/Fire      100%       2x1d9     1%          1
b - Conjure Flame         Conj/Fire      55%        6-21      1%          3
c - Inner Flame           Hex/Fire       55%        N/A       1%          3
d - Sticky Flame          Conj/Fire      55%        2d7       1%          4
e - Fireball              Conj/Fire      27%        3d12      1%          5
f - Summon Small Mammal   Summ           100%       N/A       1%          1
g - Call Imp              Summ           55%        N/A       1%          2
h - Blink                 Tloc           N/A        N/A       1%          2
i - Hailstorm             Conj/Ice       55%        3d12      1%          4
Your spell library was empty.

Dungeon Overview and Level Annotations

Branches:
Dungeon (8/15)             Temple (0/1) D:7
   Lair: D:8-11

Altars:
Ashenzari
Cheibriados
Elyvilon
Kikubaaqudgha
Sif Muna
Vehumet

Shops:
D:2 [   D:5 [


Innate Abilities, Weirdness & Mutations

You are immune to poison.
Your flesh is very heat resistant. (rF++)
You are vulnerable to cold. (rC-)
You float through the air rather than walking.
You learn spells naturally, not from books.
Your magical power is your life essence.
You have superior vitality. (+4 HP)


Message History

The howler monkey is moderately wounded.
The foxfire hits the howler monkey.
The howler monkey is severely wounded.
The foxfire hits the howler monkey.
You kill the howler monkey!
The foxfire hits the two-headed ogre but does no damage.
Casting: Foxfire (safe; 1% risk of failure)
Confirm with . or Enter, or press ? or * to list all spells.
You conjure some foxfire!
The foxfire hits the two-headed ogre.
The two-headed ogre is lightly wounded.
The foxfire hits the two-headed ogre.
The two-headed ogre is lightly wounded.
The foxfire hits the two-headed ogre but does no damage.
The two-headed ogre is lightly wounded.
Casting: Foxfire (safe; 1% risk of failure)
Confirm with . or Enter, or press ? or * to list all spells.
You conjure some foxfire!
The foxfire hits the two-headed ogre but does no damage.
The two-headed ogre is lightly wounded.
The foxfire hits the two-headed ogre!
The two-headed ogre is moderately wounded.
Casting: Foxfire (safe; 1% risk of failure)
Confirm with . or Enter, or press ? or * to list all spells.
You conjure some foxfire!
The foxfire hits the two-headed ogre but does no damage.
The two-headed ogre is moderately wounded.
The foxfire hits the two-headed ogre.
The two-headed ogre is moderately wounded.
The two-headed ogre hits you with a +0 dire flail!
The two-headed ogre hits you with a +0 giant club!
Casting: Foxfire (safe; 1% risk of failure)
Confirm with . or Enter, or press ? or * to list all spells.
You conjure some foxfire!
The foxfire hits the two-headed ogre!
The two-headed ogre is heavily wounded.
The foxfire hits the two-headed ogre but does no damage.
The two-headed ogre is heavily wounded.
The two-headed ogre hits you with a +0 dire flail!!
* * * LOW HITPOINT WARNING * * *
The two-headed ogre hits you with a +0 giant club!!
You die...

** **,, , #######* , ,
##...o.# , , * #....#.# ,,, ,
#.... #v.OQ#.§...oQh ....
#v@..###§§.... , #.<.#####
**###§####..§§v? .<...#.
##..##.# ..... , , .z....
#...#..##..... ..... ,,
,#...#...# ...., , .##'#*
,##..##..# ...)
###.##.#########..##..### ,
,,
....(#.........)...'....###,,
, ... #.............#.>....#
*


You could see a tengu warrior, a two-headed ogre (ally target) and an orc
priest.

Vanquished Creatures
  Pikel (D:5)
  Sigmund (D:4)
  Eustachio (D:4)
  2 steam dragons
  A water moccasin (D:6)
  2 sky beasts
  An orc warrior (D:7)
  4 necrophages
  3 ogres
  A lemure (D:5)
  A phantom (D:4)
  A kobold brigand (D:7)
  3 bullfrogs (D:7)
  A scorpion (D:4)
  A wyvern zombie (D:7)
  5 wights (D:8)
  3 howler monkeys
  2 centaur zombies
  A gnoll shaman (D:7)
  5 hounds
  A jelly (D:5)
  Crazy Yiuf (D:4)
  4 orc priests
  3 centaur skeletons
  Ijyb (D:3)
  A bullfrog skeleton (D:4)
  6 orc wizards
  4 iguanas
  2 killer bee zombies (D:7)
  6 gnolls
  8 adders
  A shadow imp (D:6)
  3 white imps
  An ufetubus (D:5)
  2 adder skeletons (D:4)
  A dart slug (D:1)
  27 orcs
  4 ball pythons
  4 endoplasms
  3 giant cockroaches
  6 hobgoblins
  4 jackals
  4 quokkas
  4 bats
  3 frilled lizards
  7 goblins
  A goblin zombie (D:8)
  16 kobolds
  A kobold zombie (D:8)
  5 rats
174 creatures vanquished.

Vanquished Creatures (collateral kills)
  A hobgoblin (D:1)
1 creature vanquished.

Vanquished Creatures (others)
  745 foxfires
  20 plants (D:3)
765 creatures vanquished.

Grand Total: 940 creatures vanquished

Notes
Turn   | Place    | Note
-------+----------+-------------------------------------------
     0 | D:1      | funkygono the Djinni Fire Elementalist began the quest for
                  | the Orb.
     0 | D:1      | Reached XP level 1. HP: 15/15 MP: 0/0
   139 | D:1      | Reached skill level 3 in Spellcasting
   171 | D:1      | Reached XP level 2. HP: 17/21 MP: 0/0
   716 | D:1      | Reached XP level 3. HP: 23/25 MP: 0/0
   716 | D:1      | Learned a level 1 spell: Summon Small Mammal
  1626 | D:2      | Reached skill level 4 in Spellcasting
  1710 | D:2      | Reached XP level 4. HP: 29/31 MP: 0/0
  1826 | D:2      | Found Taxydoreu's Armour Shoppe.
  3183 | D:3      | Reached XP level 5. HP: 29/35 MP: 0/0
  3183 | D:3      | Learned a level 2 spell: Call Imp
  3428 | D:3      | Noticed Ijyb
  3439 | D:3      | Killed Ijyb
  3440 | D:3      | Reached skill level 5 in Spellcasting
  3558 | D:3      | Noticed an ogre
  3565 | D:3      | Killed an ogre
  3566 | D:3      | Reached XP level 6. HP: 23/40 MP: 0/0
  3696 | D:3      | Found a broken altar of Ashenzari.
  4170 | D:3      | Became a worshipper of Ashenzari the Shackled
  4253 | D:4      | Noticed Sigmund
  4255 | D:4      | Reached skill level 1 in Fighting
  4259 | D:4      | Killed Sigmund
  4260 | D:4      | Reached skill level 6 in Spellcasting
  4260 | D:4      | Reached XP level 7. HP: 34/47 MP: 0/0
  4260 | D:4      | Learned a level 2 spell: Blink
  5008 | D:4      | Found a runed translucent door.
  5009 | D:4      | Noticed Crazy Yiuf
  5036 | D:4      | Killed Crazy Yiuf
  5037 | D:4      | Reached skill level 7 in Spellcasting
  5284 | D:4      | Noticed Eustachio
  5292 | D:4      | Killed Eustachio
  5293 | D:4      | Reached XP level 8. HP: 38/52 MP: 0/0
  5674 | D:5      | Entered Level 5 of the Dungeon
  5926 | D:5      | Reached skill level 8 in Spellcasting
  6180 | D:5      | Noticed Pikel
  6196 | D:5      | Killed Pikel
  6197 | D:5      | Reached skill level 9 in Spellcasting
  6197 | D:5      | Reached XP level 9. HP: 45/58 MP: 0/0
  6197 | D:5      | Learned a level 4 spell: Hailstorm
  6549 | D:5      | Found Zyfum's Antique Armour Shop.
  6997 | D:6      | Reached skill level 10 in Spellcasting
  7608 | D:6      | Reached skill level 1 in Short Blades
  7711 | D:6      | Found a snail-covered altar of Cheibriados.
  8221 | D:7      | Reached skill level 11 in Spellcasting
  8299 | D:7      | Reached XP level 10. HP: 42/64 MP: 0/0
  8420 | D:7      | Found a white marble altar of Elyvilon.
  8745 | D:7      | Found a staircase to the Ecumenical Temple.
  9554 | D:8      | Reached * piety under Ashenzari
  9554 | D:8      | Reached ** piety under Ashenzari
  9593 | D:8      | Noticed a two-headed ogre
  9593 | D:8      | Noticed a tengu warrior
  9606 | D:8      | Mangled by a two-headed ogre

Illustrated notes

Levels and vault maps discovered:
D:1:      wheals_arrival_shading, layout_basic
D:2:      layout_loops_corners, serial_shops, nicolae_shop_trees,
          minmay_misc_feat_roman, kennysheep_donut, minmay_tetromino_t2
D:3:      layout_loops_ring, nicolae_ashenzari_panopticon, grunt_ministairs_8,
          minivault_5, serial_bayou_pond_c, uniq_ijyb
D:4:      layout_basic, uniq_crazy_yiuf_cottage, uniq_eustachio, uniq_sigmund
D:5:      layout_basic, serial_shops, nicolae_shop_waterfront,
          grunt_ministairs_5, amethyst_killhole, uniq_pikel
D:6:      layout_cave_pools, palyth_temple_overflow_mages,
          nicolae_overflow_hidden_temple
D:7:      layout_rooms, nicolae_overflow_crystal_walls, minmay_temple_entry_hall
D:8:      layout_gridville, dk_yredelemnul_ordeal, grunt_gozag_statues,
          kennysheep_potato, uniq_maggie

Skill      XL: |  1  2  3  4  5  6  7  8  9 |
---------------+----------------------------+-----
Spellcasting   | 3 4 5 6 7 9 11 | 11.5
Fighting       | 1 2 |  2.1
Dodging        | 3 4 |  4.5
Short Blades   | 1 |  1.1
Stealth        | |  1.5

Action                   |  1- 3 |  4- 6 |  7- 9 | 10-12 || total
-------------------------+-------+-------+-------+-------++-------
Melee: Dagger            |     5 |    27 |    31 |     3 ||    66
 Cast: Foxfire           |    52 |    85 |   225 |    84 ||   446
       Summon Small Mamm |     1 |       |       |       ||     1
       Sticky Flame      |       |       |    14 |     3 ||    17
       Inner Flame       |       |       |     1 |     1 ||     2
       Hailstorm         |       |       |     2 |       ||     2
Invok: Curse Item        |       |       |     1 |     1 ||     2
  Use: Scroll            |     2 |     5 |     1 |       ||     8
       Potion            |       |       |       |     1 ||     1
Armor: Robe              |     1 |    21 |    15 |       ||    37
       Steam dragon scal |       |       |     2 |     6 ||     8
Dodge: Dodged            |     8 |    55 |    31 |    17 ||   111

Table legend: (Time is in decaauts)
 A = Elapsed time spent in this place.
 B = Non-inter-level travel time spent in this place.
 C = Inter-level travel time spent in this place.
 D = Time resting spent in this place.
 E = Time spent auto-exploring this place.
 F = Levels seen in this place.
 G = Mean time per level.
                   A        B        C        D        E       F      G
               +--------+--------+--------+--------+--------+-----+--------+
         Total |   9588 |   9427 |    161 |    468 |   7664 |   8 | 1198.5 |
       Dungeon |   9588 |   9427 |    161 |    468 |   7664 |   8 | 1198.5 |
               +--------+--------+--------+--------+--------+-----+--------+

Top non-repeatable levels by time:
     D:3: 1633 daAuts
     D:4: 1457 daAuts
     D:7: 1308 daAuts
     D:1: 1291 daAuts
     D:2: 1289 daAuts
     D:5: 1283 daAuts
     D:6: 992 daAuts
     D:8: 332 daAuts
